 Dungeon Crawl Stone Soup version 0.24-a0-619-gb7544fd237 (webtiles) character file.

Game seed: 15651106185835400267, levelgen mode: classic

2816 funjord the Conjurer (level 9, -21/78 HPs)
             Began as a White Draconian Conjurer on Aug 19, 2019.
             Was a Priest of Vehumet.
             Demolished by a two-headed ogre
             ... wielding a +0 giant club
              (30 damage)
             ... on level 8 of the Dungeon on Sept 17, 2019.
             The game lasted 00:24:49 (9744 turns).

funjord the Conjurer (White Draconian Conjurer)     Turns: 9744, Time: 00:24:49

Health: -21/78     AC: 10    Str: 11    XL:     9   Next: 44%
Magic:  11/18      EV: 14    Int: 18    God:    Vehumet [***...]
Gold:   309        SH:  0    Dex: 12    Spells: 7/20 levels left

rFire    . . .     SeeInvis .   a - +4 double sword (elec)
rCold    + . .     Gourm    .   (no shield)
rNeg     . . .     Faith    .   (armour unavailable)
rPois    .         Spirit   .   (helmet restricted)
rElec    .         Reflect  .   (no cloak)
rCorr    .         Harm     .   e - +2 pair of gloves
MR       .....                  (no boots)
Stlth    ++........             (no amulet)
HPRegen  0.23/turn              i - ring of wizardry
MPRegen  0.16/turn              v - +2 ring of slaying

@: no status effects
A: breathe frost, unfitting armour, cold resistance 1, cold-blooded, AC +7
a: Breathe Frost, Renounce Religion


You were on level 8 of the Dungeon.
You worshipped Vehumet.
Vehumet was most pleased with you.
You were hungry.

You visited 1 branch of the dungeon, and saw 8 of its levels.
You also visited: Ossuary.

You collected 505 gold pieces.
You spent 196 gold pieces at shops.

Inventory:

Hand Weapons
 a - a +4 double sword of electrocution (weapon)
Missiles
 c - 156 stones (quivered)
Armour
 e - a +2 pair of gloves (worn)
Magical Staves
 b - an uncursed staff of fire
Jewellery
 i - a ring of wizardry (left hand)
 v - a +2 ring of slaying (right hand)
 A - a cursed ring of ice
 C - an uncursed ring of resist corrosion
Wands
 u - a wand of flame (10)
Scrolls
 f - 3 scrolls of remove curse
 g - 4 scrolls of teleportation
 h - 2 scrolls of identify
 q - 2 scrolls of immolation
 r - a scroll of amnesia
Potions
 d - 2 potions of haste
 j - a potion of cancellation {unknown}
 k - 2 potions of might
 l - a potion of brilliance {unknown}
 m - a potion of resistance {unknown}
 n - 5 potions of heal wounds
 o - 5 potions of curing
 s - 3 potions of lignification
 w - 2 potions of flight
 z - 2 potions of degeneration {unknown}
Comestibles
 p - 3 chunks of flesh
 y - 23 rations


   Skills:
 + Level 6.5 Fighting
   Level 2.5(3.7) Short Blades
 + Level 4.2(4.6) Long Blades
   Level 2.1 Maces & Flails
 - Level 4.5 Dodging
 - Level 2.0 Stealth
 + Level 6.0 Spellcasting
 - Level 7.0 Conjurations
 - Level 2.0 Ice Magic


You had 7 spell levels left.
You knew the following spells:

 Your Spells              Type           Power        Failure   Level  Hunger
a - Throw Frost           Conj/Ice       ###...       1%          2    None
b - Searing Ray           Conj           ####..       1%          2    None
c - Iskenderun's Mystic   Conj           ####....     1%          4    ####...
d - Fulminant Prism       Conj/Hex       ###.......   3%          4    ####...
e - Magic Dart            Conj           ####         1%          1    None

Your spell library contained the following spells:

 Spells                   Type           Power        Failure   Level  Hunger
 Static Discharge         Conj/Air       ###.....     1%          3    ##.....
 Dazzling Spray           Conj/Hex       ###...       1%          3    ##.....
 Force Lance              Conj/Tloc      ###.....     3%          4    ####...
 Confusing Touch          Hex            #.....       4%          1    None
 Confuse                  Hex            #.......     14%         3    ##.....
 Gell's Gravitas          Tloc           #.........   14%         3    ##.....
 Yara's Violent Unravell  Hex/Tmut       #.........   30%         5    #####..
 Petrify                  Tmut/Erth      #.......     41%         4    ####...
 Metabolic Englaciation   Hex/Ice        #.........   61%         5    #####..


Dungeon Overview and Level Annotations

Branches:
Dungeon (8/15)             Temple (0/1) D:6         Ossuary (visited)
   Lair: D:8-11

Altars:
Elyvilon
Hepliaklqana
Okawaru
Uskayaw
Vehumet

Shops:
D:5 !

Annotations:
D:3 2 transporters


Innate Abilities, Weirdness & Mutations

You can breathe waves of freezing cold.
You can buffet flying creatures when you breathe cold.
Your icy white scales are hard. (AC +7)
You cannot fit into any form of body armour.
Your flesh is cold resistant. (rC+)
You are cold-blooded and may be slowed by cold attacks.


Message History

The two-headed ogre is lightly wounded. (Press . to maintain the ray.)
The searing ray hits the two-headed ogre.
The two-headed ogre is moderately wounded.
The two-headed ogre hits you with a +0 giant club!
The two-headed ogre hits you with a +0 giant spiked club!
The searing ray hits the two-headed ogre!
The two-headed ogre is moderately wounded.
The two-headed ogre hits you with a +0 giant club!!
The two-headed ogre closely misses you.
The searing ray hits the two-headed ogre!
The two-headed ogre is heavily wounded.
You finish channeling your searing ray.
The two-headed ogre hits you with a +0 giant club!!
* * * LOW HITPOINT WARNING * * *
The two-headed ogre barely misses you.
You are feeling hungry.
The two-headed ogre misses you.
The two-headed ogre hits you with a +0 giant spiked club!!
You die...

##########
#........#
#........#
#....@...#
#.<...O..##
..........<.#
##........<.#
#..........#
#...........#
#.........#(#
..........#..
####.#####..


You could see a two-headed ogre.

Vanquished Creatures
  Sigmund (D:5)
  A spriggan (D:7)
  Eustachio (D:4)
  3 orc warriors
  An ice beast (D:6)
  4 ogres
  Blork the orc (D:4)
  2 bullfrogs
  A water moccasin zombie (Ossuary)
  2 scorpions
  6 killer bees
  A crimson imp (D:6)
  2 hounds
  A gnoll shaman (D:6)
  A bullfrog skeleton (D:6)
  2 orc priests
  A jelly (D:6)
  8 orc wizards
  3 iguanas (D:7)
  2 worker ants (D:4)
  2 big kobold zombies (Ossuary)
  3 hound skeletons
  2 mummies (Ossuary)
  7 gnolls
  13 adders
  2 oozes
  10 adder zombies (Ossuary)
  2 worms (D:2)
  A dart slug (D:1)
  5 leopard geckos
  19 orcs
  3 ball pythons
  3 giant cockroaches
  8 goblins
  4 hobgoblins
  9 jackals
  4 quokkas
  4 bats
  7 frilled lizards
  3 gnoll zombies (Ossuary)
  2 hobgoblin zombies (Ossuary)
  4 kobolds
  3 kobold zombies (Ossuary)
  A leopard gecko skeleton (D:7)
  An orc zombie (Ossuary)
  8 rats (D:1)
174 creatures vanquished.

Notes
Turn   | Place    | Note
-------+----------+-------------------------------------------
     0 | D:1      | funjord the Draconian Conjurer began the quest for the Orb.
     0 | D:1      | Reached XP level 1. HP: 14/14 MP: 3/3
     0 | D:1      | Upgraded the game from 0.24-a0-549-g45f0056d81 to
                  | 0.24-a0-584-g9d6b971ae4
   341 | D:1      | Reached XP level 2. HP: 20/20 MP: 0/5
  1246 | D:1      | Upgraded the game from 0.24-a0-584-g9d6b971ae4 to
                  | 0.24-a0-619-gb7544fd237
  1271 | D:2      | Reached XP level 3. HP: 26/27 MP: 4/6
  1312 | D:2      | Reached skill level 1 in Fighting
  1484 | D:2      | Found a radiant altar of Vehumet.
  1532 | D:2      | Became a worshipper of Vehumet
  1882 | D:2      | Learned a level 2 spell: Searing Ray
  2010 | D:2      | Reached XP level 4. HP: 33/35 MP: 3/7
  3029 | D:3      | Reached XP level 5. HP: 41/41 MP: 2/9
  3036 | D:3      | Reached * piety under Vehumet
  3036 | D:3      | Offered knowledge of Flame Tongue by Vehumet.
  3124 | D:3      | Found a hazy altar of Hepliaklqana.
  3126 | D:3      | Noticed a centaur warrior
  3128 | D:3      | Found a transporter.
  3142 | D:3      | Found a transporter.
  3413 | D:3      | Reached skill level 1 in Maces & Flails
  4104 | D:4      | Found a hide-covered altar of Uskayaw.
  4161 | D:4      | Found an iron altar of Okawaru.
  4177 | D:4      | Reached skill level 5 in Conjurations
  4177 | D:4      | Reached XP level 6. HP: 40/50 MP: 7/10
  4566 | D:4      | Found a white marble altar of Elyvilon.
  4600 | D:4      | Noticed Eustachio
  4672 | D:4      | Killed Eustachio
  4672 | D:4      | Reached skill level 1 in Short Blades
  4672 | D:4      | Your scales start taking on an icy white colour.
  4672 | D:4      | Reached XP level 7. HP: 47/57 MP: 10/12
  4672 | D:4      | Gained mutation: Your flesh is cold resistant. (rC+) [White
                  | Draconian growth]
  4731 | D:4      | Noticed Blork the orc
  4743 | D:4      | Killed Blork the orc
  5360 | D:5      | Entered Level 5 of the Dungeon
  5368 | D:5      | Found a radiant altar of Vehumet.
  5374 | D:5      | Found Leohi's Distillery.
  5378 | D:5      | Bought a potion of flight for 42 gold pieces
  5378 | D:5      | Bought a potion of invisibility for 112 gold pieces
  5378 | D:5      | Bought a potion of curing for 42 gold pieces
  5479 | D:5      | Noticed Sigmund
  5495 | D:5      | Killed Sigmund
  5664 | D:5      | Reached XP level 8. HP: 12/66 MP: 10/14
  5921 | D:5      | Identified a scroll of acquirement
  6334 | D:6      | Learned a level 4 spell: Iskenderun's Mystic Blast
  6339 | D:6      | Learned a level 4 spell: Fulminant Prism
  6398 | D:6      | Found a sand-covered staircase.
  6403 | Ossuary  | Entered an ossuary
  6423 | Ossuary  | Offered knowledge of Sting by Vehumet.
  6426 | Ossuary  | Reached ** piety under Vehumet
  6548 | Ossuary  | Reached skill level 6 in Conjurations
  6712 | D:6      | Reached skill level 1 in Long Blades
  6776 | D:6      | Offered knowledge of Throw Frost by Vehumet.
  6921 | D:6      | Learned a level 2 spell: Throw Frost
  6931 | D:6      | Found a staircase to the Ecumenical Temple.
  7284 | D:6      | Reached skill level 1 in Ice Magic
  7291 | D:6      | Reached skill level 5 in Fighting
  7295 | D:6      | Reached skill level 5 in Spellcasting
  8014 | D:7      | Reached *** piety under Vehumet
  8234 | D:7      | Reached XP level 9. HP: 60/74 MP: 16/16
  8510 | D:6      | Reached skill level 7 in Conjurations
  9063 | D:7      | Offered knowledge of Static Discharge by Vehumet.
  9734 | D:8      | Noticed a two-headed ogre
  9744 | D:8      | Demolished by a two-headed ogre

Levels and vault maps discovered:
D:1:      dpeg_arrival_ratfight, layout_basic, fountainhead, minivault_25,
          nrook_campfire
D:2:      layout_loops_corners, lemuel_tele_altar
D:3:      layout_loops_ring, gammafunk_temple_overflow_arena, minmay_unequal
D:4:      layout_loops_cross, okawaru_metal_pillars_3, elyvilon_altar_4,
          eat_drink_and_be_merry_uskayaw, first_ration, uniq_eustachio,
          uniq_blork_the_orc
D:5:      layout_loops_ring, kennysheep_mini, serial_shops, shop, uniq_sigmund
D:6:      layout_loops_corners, temple_pool_b, nicolae_ossuary_entry_plus
D:7:      layout_loops_corners, the_bakery, kennysheep_generic_room_3
D:8:      layout_rooms, nicolae_island_escapes

Skill      XL: |  1  2  3  4  5  6  7  8  9 |
---------------+----------------------------+-----
Dodging        | 2 3 4 |  4.5
Stealth        | 2 |  2.0
Fighting       | 1 2 3 4 5 6 |  6.5
Maces & Flails | 1 2 |  2.1
Spellcasting   | 3 4 5 6 |  6.0
Conjurations   | 5 6 7 |  7.0
Short Blades   | 1 2 |  2.5
Long Blades    | 2 4 |  4.2
Ice Magic      | 2 |  2.0

Action                   |  1- 3 |  4- 6 |  7- 9 || total
-------------------------+-------+-------+-------++-------
Melee: Whip              |   106 |     4 |       ||   110
       Tailslap          |     9 |     9 |    19 ||    37
       Mace              |       |    99 |       ||    99
       Rapier            |       |    16 |    51 ||    67
       Double sword      |       |       |   130 ||   130
 Cast: Magic Dart        |    67 |    56 |    31 ||   154
       Throw Frost       |       |       |    30 ||    30
       Iskenderun's Myst |       |       |     4 ||     4
       Searing Ray       |       |       |     5 ||     5
  Use: Scroll            |       |     2 |    23 ||    25
       Potion            |       |       |     2 ||     2
 Stab: Sleeping          |     1 |     2 |     5 ||     8
  Eat: Chunk             |     4 |     9 |    10 ||    23
       Ration            |       |       |     2 ||     2
Armor: Skin              |    45 |    54 |    73 ||   172
Dodge: Dodged            |    94 |   101 |   209 ||   404
       Rpst.: Double sword |       |       |    56 ||    56

Table legend:
 A = Non-vault XP
 B = Vault XP
 C = Vault XP percentage of total XP
 D = Non-vault monster count
 E = Vault monster count
 F = Vault count percentage of total count
                 A         B        C        D         E       F
            +---------+---------+-------+---------+---------+-------
      Total |    3013 |    1011 |  25.1 |     138 |      36 |  20.7
            +---------+---------+-------+---------+---------+-------
        D:1 |      34 |       5 |  12.8 |      21 |       5 |  19.2
        D:2 |      94 |       0 |   0.0 |      17 |       0 |   0.0
        D:3 |     185 |      18 |   8.9 |      21 |       3 |  12.5
        D:4 |     450 |     292 |  39.4 |      19 |       2 |   9.5
        D:5 |     230 |     238 |  50.9 |       7 |       1 |  12.5
        D:6 |    1204 |       0 |   0.0 |      29 |       0 |   0.0
        D:7 |     816 |     234 |  22.3 |      24 |       1 |   4.0
    Ossuary |       0 |     224 | 100.0 |       0 |      24 | 100.0
            +---------+---------+-------+---------+---------+-------
